 Dungeon Sprint DCSS version 0.21-a0-91-ga5031da (webtiles) character file.

144 Kidiri the Magician (level 5, -5/32 HPs)
             Began as a Deep Elf Fire Elementalist on June 30, 2017.
             Slain by a red devil
             ... wielding a cursed +0 trident
             ... summoned by a kobold demonologist
              (16 damage)
             ... in the Dungeon (Sprint III: "The Ten Rune Challenge").
             The game lasted 00:02:01 (473 turns).

Kidiri the Magician (Deep Elf Fire Elementalist)     Turns: 473, Time: 00:02:02

Health: -5/32      AC:  4    Str:  7    XL:     5   Next: 5%
Magic:  11/17      EV: 15    Int: 21    God:
Gold:   16         SH:  4    Dex: 15    Spells: 6/19 levels left

rFire    . . .     SeeInvis .   (no weapon)
rCold    + . .     Gourm    .   (no shield)
rNeg     . . .     Faith    .   a - +0 robe
rPois    .         Spirit   .   (no helmet)
rElec    .         Reflect  .   (no cloak)
rCorr    .         Harm     .   (no gloves)
MR       .....     NoTele   +   (no boots)
Stlth    ++........             (no amulet)
HPRegen  0.10/turn              (no ring)
MPRegen  0.15/turn              (no ring)

@: no status effects
A: iridescent scales 1, large bone plates 1, cold resistance 1, strong 1
a: no special abilities


You were in the Dungeon.
You were not hungry.

You visited 1 branch You collected 16 gold pieces.

Inventory:

Armour
 a - a +0 robe (worn)
Scrolls
 i - a scroll of blinking
 k - a scroll of torment
 o - a scroll of immolation
 p - a scroll of remove curse
Potions
 d - 4 potions of curing
 e - a potion of heal wounds
 f - a potion of haste
 g - 2 potions of magic
 h - a potion of berserk rage
 n - 4 potions of flight
 r - 4 potions of mutation
Books
 b - a book of Flames

   Spells                             Type                      Level
   a - Flame Tongue                   Conjuration/Fire             1
   b - Throw Flame                    Conjuration/Fire             2
   c - Conjure Flame                  Conjuration/Fire             3
   d - Inner Flame                    Hexes/Fire                   3
   e - Sticky Flame                   Conjuration/Fire             4
   f - Fireball                       Conjuration/Fire             5
Comestibles
 c - 2 bread rations
 j - 2 chunks of flesh
 m - a royal jelly
 q - a meat ration


   Skills:
 + Level 2.9 Fighting
 + Level 2.8 Armour
 + Level 5.1 Dodging
 - Level 2.4 Stealth
 * Level 7.8 Spellcasting
 + Level 4.1 Conjurations
 + Level 5.2 Fire Magic


You had 6 spell levels left.
You knew the following spells:

 Your Spells              Type           Power        Failure   Level  Hunger
a - Flame Tongue          Conj/Fire      ####.        1%          1    None
b - Throw Flame           Conj/Fire      ####..       1%          2    None
c - Conjure Flame         Conj/Fire      ####....     3%          3    None
d - Inner Flame           Hex/Fire       ###.....     9%          3    None
e - Sticky Flame          Conj/Fire      ####....     12%         4    ###....


Dungeon Overview and Level Annotations

Branches:
Dungeon (1/1)

Altars:
Kikubaaqudgha
Sif Muna
Vehumet


Innate Abilities, Weirdness & Mutations

You are partially covered in iridescent scales. (AC +2)
You are partially covered in large bone plates. (SH +4)
Your flesh is cold resistant. (rC+)
Your muscles are strong. (Str +2)


Message History

Confirm with . or Enter, or press ? or * to list all spells.
Aiming: Flame Tongue
Press: ? - help, Shift-Dir - straight line, f - quasit
Aim: a quasit (summoned)
The flame tongue misses the quasit.
You block the quasit's attack. The quasit misses you.
The quasit barely misses you.
The kobold demonologist gestures wildly while chanting.
The red devil hits you with a trident!
* * * LOW HITPOINT WARNING * * *
Unknown command.
Okay, then.
You feel better. The quasit misses you. The quasit completely misses you.
The quasit closely misses you. x3; The quasit barely misses you.
You block the red devil's attack.
The soul eater draws from the surrounding life force!
There is an open door here.
Unknown command.
The red devil hits you from afar with a trident!
Ouch! That really hurt!
You die...

#..+...♣.♣ ♣.#
#..#..÷.♣♣♣ ♣♣.#
####....♣.♣ ♣..#
...#....≈.♣♣♣..###+#+###+
...#...≈≈♣.♣♣♣.#.........
...#..≈≈≈≈♣....'.⌠.......
##'#..≈≈≈≈≈≈.♣.#...######
...#.≈≈≈≈≈≈....#.⌠.#
...#.≈≈≈≈≈.....#@..#
..[#.≈≈≈.......#5###
####...........#.4K#
...............#__3#
▓▓▓▓▓▓▓▓▓▓▓▓▓▓▓▓▓▓▓▓


You could see a soul eater, a red devil and a quasit.

Vanquished Creatures
  A water elemental (D)
  Jessica (D)
  A wizard (D)
  A human (D)
  A wolf (D)
  An ooze (D)
  2 rats (D)
8 creatures vanquished.

Vanquished Creatures (others)
  2 draconian scorchers (D)
  6 hellions (D)
  A yaktaur (D)
9 creatures vanquished.

Grand Total: 17 creatures vanquished

Notes
Turn   | Place    | Note
-------+----------+-------------------------------------------
     0 | D        | Kidiri the Deep Elf Fire Elementalist began the quest for the Orb.
     0 | D        | Reached XP level 1. HP: 10/10 MP: 6/6
    70 | D        | Killed a yaktaur
   102 | D        | Killed a hellion
   103 | D        | Killed a hellion
   103 | D        | Killed a hellion
   103 | D        | Killed a hellion
   104 | D        | Killed a hellion
   128 | D        | Killed a hellion
   149 | D        | Reached skill level 4 in Spellcasting
   157 | D        | Noticed Jessica
   158 | D        | Killed a white draconian scorcher
   163 | D        | Killed Jessica
   163 | D        | Reached skill level 1 in Fighting
   163 | D        | Reached skill level 1 in Armour
   163 | D        | Reached skill level 5 in Spellcasting
   163 | D        | Reached XP level 2. HP: 16/16 MP: 2/10
   163 | D        | Reached XP level 3. HP: 20/20 MP: 2/11
   168 | D        | Learned a level 2 spell: Throw Flame
   172 | D        | Learned a level 3 spell: Conjure Flame
   176 | D        | Learned a level 3 spell: Inner Flame
   213 | D        | Killed a white draconian scorcher
   355 | D        | Reached skill level 6 in Spellcasting
   384 | D        | Gained mutation: Your muscles are strong. (Str +2) [potion of mutation]
   384 | D        | Gained mutation: Your flesh is cold resistant. (rC+) [potion of mutation]
   384 | D        | Gained mutation: You are partially covered in large bone plates. (SH +4) [potion of mutation]
   384 | D        | Gained mutation: You are partially covered in iridescent scales. (AC +2) [potion of mutation]
   414 | D        | Noticed a water elemental
   418 | D        | Killed a water elemental
   418 | D        | Reached skill level 7 in Spellcasting
   418 | D        | Reached skill level 5 in Fire Magic
   418 | D        | Reached XP level 4. HP: 27/27 MP: 8/15
   432 | D        | Learned a level 4 spell: Sticky Flame
   465 | D        | Found a radiant altar of Vehumet.
   466 | D        | Found a deep blue altar of Sif Muna.
   466 | D        | Found an ancient bone altar of Kikubaaqudgha.
   466 | D        | Noticed a wizard
   469 | D        | Killed a wizard
   469 | D        | Reached skill level 5 in Dodging
   469 | D        | Reached XP level 5. HP: 23/32 MP: 11/17
   470 | D        | Noticed a red devil
   471 | D        | Noticed a soul eater
   473 | D        | Slain by a red devil

Vault maps used:
D:        dungeon_sprint_mu

Skill      XL: |  1  2  3  4 |
---------------+-------------+-----
Spellcasting   | 5 7 |  7.8
Fighting       | 1 2 |  2.9
Armour         | 1 2 |  2.8
Dodging        | 3 4 5 |  5.1
Conjurations   | 2 3 4 |  4.1
Fire Magic     | 4 5 |  5.2
Stealth        | |  2.4

Action                   |  1- 3 |  4- 6 || total
-------------------------+-------+-------++-------
Melee: Unarmed           |     1 |       ||     1
 Cast: Flame Tongue      |    20 |     2 ||    22
       Conjure Flame     |     2 |       ||     2
       Throw Flame       |     2 |       ||     2
       Sticky Flame      |       |     1 ||     1
  Use: Scroll            |     3 |       ||     3
       Potion            |     1 |     1 ||     2
Dodge: Dodged            |     2 |    11 ||    13
Block: Other             |       |     5 ||     5
